 Dungeon Crawl Stone Soup version 0.21-a0-538-gd16b88a (webtiles) character file.

385 slep the Chopper (level 6, -1/32 HPs)
             Began as a Vine Stalker Gladiator on Dec 16, 2017.
             Slain by a hound (4 damage)
             ... on level 5 of the Dungeon.
             The game lasted 00:07:32 (2795 turns).

slep the Chopper (Vine Stalker Gladiator)           Turns: 2795, Time: 00:07:32

Health: -1/32      AC:  6    Str: 16    XL:     6   Next: 77%
Magic:  0/7        EV: 13    Int:  8    God:
Gold:   183        SH:  0    Dex: 18    Spells: 5/5 levels left

rFire    . . .     SeeInvis .   a - +0 war axe
rCold    + . .     Gourm    .   (no shield)
rNeg     . . .     Faith    .   b - +0 leather armour
rPois    .         Spirit   +   A - +1 helmet
rElec    .         Reflect  .   (no cloak)
rCorr    .         Harm     .   y - +0 pair of gloves
MR       .....                  (no boots)
Stlth    ++........             (no amulet)
HPRegen  0.50/turn              m - ring of protection from cold
MPRegen  0.10/turn              (no ring)

@: lethally poisoned (-1 -> -1)
A: fangs 2, regeneration 1, magic shield, antimagic bite, no potion heal 3, rot
immunity
a: no special abilities


You were on level 5 of the Dungeon.
You were not hungry.

You visited 1 branch of the dungeon, and saw 5 of its levels.

You collected 183 gold pieces.

Inventory:

Hand Weapons
 a - a +0 war axe (weapon)
Missiles
 d - 3 throwing nets (quivered)
 v - 12 sling bullets
Armour
 b - a +0 leather armour (worn)
 c - a +0 helmet
 s - a +1 hat
 y - a +0 pair of gloves (worn)
 A - a +1 helmet (worn)
Jewellery
 m - a ring of protection from cold (left hand)
 r - an uncursed ring of protection from cold
Scrolls
 e - 4 scrolls of teleportation {unknown}
 h - 3 scrolls of remove curse {unknown}
 j - 5 scrolls of enchant weapon {unknown}
 k - 3 scrolls of blinking {unknown}
 l - a scroll of enchant armour {unknown}
 p - 2 scrolls of random uselessness {unknown}
 t - a scroll of fog {unknown}
 u - 3 scrolls of identify {unknown}
Potions
 n - a potion of brilliance {unknown}
 o - 3 potions of curing {unknown}
 q - a potion of degeneration {unknown}
 x - a potion of cancellation {unknown}
 z - a potion of flight {unknown}
 B - a potion of invisibility {unknown}
Comestibles
 f - 4 bread rations
 g - 3 royal jellies
 i - 4 meat rations
 w - a fruit


   Skills:
 + Level 2.4 Fighting
 + Level 5.2 Axes
 + Level 1.8 Throwing
 + Level 1.7 Armour
 + Level 3.3 Dodging
 + Level 2.0 Stealth


You had 5 spell levels left.
You didn't know any spells.

Dungeon Overview and Level Annotations

Branches:
Dungeon (5/15)
 Temple: D:4-7

Altars:
Trog


Innate Abilities, Weirdness & Mutations

You have extremely sharp teeth.
Your natural rate of healing is unusually fast.
When hurt, damage is shared between your health and your magic reserves.
Your bite disrupts and absorbs the magic of your enemies.
Potions cannot restore your health.
You are immune to rotting.


Message History

The bullfrog is severely wounded.
You slash the hound!
You feel sick. The hound misses you. The bullfrog completely misses you.
The hound closely misses you. The bullfrog hits you.
You hit the bullfrog. Your bite misses the bullfrog.
The bullfrog is severely wounded.
You barely miss the hound. The hound bites you.
The bullfrog hits you but does no damage.
The hound closely misses you. The bullfrog closely misses you.
You hit the bullfrog but do no damage.
You bite the bullfrog, but do no damage.
The bullfrog is severely wounded.
You closely miss the hound.
You feel sick. The hound bites you.
* * * LOW HITPOINT WARNING * * *
The bullfrog hits you.
* * * LOW HITPOINT WARNING * * *
The hound bites you.
* * * LOW HITPOINT WARNING * * *
The hound bites you.
You die...

.........## ..........#
######## ..........
#......### # .........#
#........#.. .........#
#........... .........#
#..........# #......###
#%.........
######...####h.........
###....@F.........
###..###........
###...## ##.......
#..[...## #......
#.......## #....#
##........## ##.##
#..........## ##
##...........##
#.............##


You could see a bullfrog and a hound.

Vanquished Creatures
  A scorpion (D:5)
  A howler monkey (D:4)
  2 bullfrog skeletons (D:4)
  An orc priest (D:4)
  An orc wizard (D:4)
  Robin (D:2)
  7 adders
  An ooze (D:1)
  A worm (D:2)
  4 dart slugs
  3 leopard geckos
  8 orcs
  5 giant cockroaches
  10 goblins
  8 hobgoblins
  5 jackals
  4 kobolds (D:2)
  3 quokkas
  3 ball pythons
  7 bats
  8 frilled lizards
  10 rats
94 creatures vanquished.

Notes
Turn   | Place    | Note
-------+----------+-------------------------------------------
     0 | D:1      | slep the Vine Stalker Gladiator began the quest for the Orb.
     0 | D:1      | Reached XP level 1. HP: 11/11 MP: 2/2
    91 | D:1      | Reached skill level 3 in Axes
    91 | D:1      | Reached XP level 2. HP: 9/15 MP: 3/3
   389 | D:1      | Reached XP level 3. HP: 17/18 MP: 4/4
   920 | D:2      | Gained mutation: Your natural rate of healing is unusually fast. [Vine Stalker growth]
   920 | D:2      | Reached XP level 4. HP: 20/23 MP: 5/5
   921 | D:2      | Noticed Robin
   925 | D:2      | Killed Robin
   925 | D:2      | Reached skill level 1 in Stealth
  1049 | D:2      | Reached skill level 4 in Axes
  1446 | D:3      | Reached skill level 1 in Armour
  1474 | D:3      | Reached XP level 5. HP: 23/26 MP: 6/6
  2231 | D:4      | Found a bloodstained altar of Trog.
  2299 | D:4      | Reached XP level 6. HP: 27/30 MP: 5/7
  2484 | D:4      | Reached skill level 5 in Axes
  2723 | D:5      | Entered Level 5 of the Dungeon
  2795 | D:5      | Slain by a hound

Vault maps used:
D:1:      minmay_arrival_glassed_features, minmay_misc_feat_four_crosses,
          due_unseen_surprise
D:2:      first_bread, minmay_pentomino_v4, uniq_robin
D:3:      hangedman_feature_mirror
D:4:      trog_butcher_becter
D:5:      minmay_opposing_rooms

Skill      XL: |  1  2  3  4  5  6 |
---------------+-------------------+-----
Axes           | 3 4 5 |  5.2
Stealth        | 1 2 |  2.0
Fighting       | 2 |  2.4
Armour         | 1 |  1.7
Dodging        | 3 |  3.3
Throwing       | |  1.8

Action                   |  1- 3 |  4- 6 || total
-------------------------+-------+-------++-------
Melee: War axe           |    81 |   152 ||   233
       Bite              |    14 |    32 ||    46
 Stab: Sleeping          |     3 |     6 ||     9
  Eat: Chunk             |       |     6 ||     6
Armor: Leather armour    |    31 |    46 ||    77
Dodge: Dodged            |    53 |   140 ||   193

Table legend:
 A = Spawn XP
 B = Non-spawn XP
 C = Spawn XP percentage of total XP
 D = Spawn monster count
 E = Non-spawn monster count
 F = Spawn count percentage of total count
 G = Total turns spent on level
                    A         B        C        D         E        F      G
               +---------+---------+-------+---------+---------+-------+---------
         Total |       0 |     550 |   0.0 |       0 |      94 |   0.0 |  2795
               +---------+---------+-------+---------+---------+-------+---------
           D:1 |       0 |      44 |   0.0 |       0 |      24 |   0.0 |   684
           D:2 |       0 |      95 |   0.0 |       0 |      30 |   0.0 |   704
           D:3 |       0 |      80 |   0.0 |       0 |      22 |   0.0 |   696
           D:4 |       0 |     265 |   0.0 |       0 |      17 |   0.0 |   639
           D:5 |       0 |      66 |   0.0 |       0 |       1 |   0.0 |    72
               +---------+---------+-------+---------+---------+-------+---------
